 Dungeon Crawl Stone Soup version 0.30-a0-4-ga7cffc901d (webtiles) character file.

Game seed: 17283961773829213140

2505 SensoryNuts the Cleaver (level 9, -1/82 HPs)
             Began as a Tengu Fighter on Aug 21, 2022.
             Was an Initiate of Gozag.
             Slain by a ten-headed hydra (4 damage)
             ... on level 7 of the Dungeon.
             The game lasted 00:10:38 (7847 turns).

SensoryNuts the Cleaver (Tengu Fighter)             Turns: 7847, Time: 00:10:39

Health: -1/82      AC: 28    Str: 21    XL:     9   Next: 53%
Magic:  10/10      EV:  2    Int:  9    God:    Gozag
Gold:   674        SH:  7    Dex: 15    Spells: 8/8 levels left

rFire   . . .      SeeInvis .    a - +1 war axe
rCold   . . .      Faith    .    c - +2 buckler
rNeg    . . .      Spirit   .    (body armour currently unavailable)
rPois   +          Reflect  .    (helmet currently unavailable)
rElec   .          Harm     .    (cloak currently unavailable)
rCorr   .          Rampage  .    (gloves currently unavailable)
Will    .....      NoTele   +    (boots unavailable)
Stlth   +++.......               (no amulet)
HPRegen 0.23/turn                r - +4 ring of protection
MPRegen 0.12/turn                (no ring)

@: tree-form
A: stationary, stasis, torment immunity, boosted hp, (beak), (talons 3), nimble
flight, thin skeletal structure 1
a: Renounce Religion, Potion Petition, Call Merchant, Bribe Branch


You were on level 7 of the Dungeon.
You worshipped Gozag.
Gozag was pleased with you.
You were a tree.
You visited 2 branches of the dungeon, and saw 8 of its levels.

You collected 742 gold pieces.
You paid 68 gold pieces to Gozag.

Inventory:

Hand Weapons
 a - a +1 war axe (weapon)
 i - a +5 hand axe
Missiles
 s - a throwing net (quivered)
Armour
 c - a +2 buckler (worn)
 e - a +1 plate armour (melded)
 k - a +0 pair of gloves (melded)
Jewellery
 d - a ring of ice
 j - an amulet of guardian spirit
 n - a ring of fire
 p - an amulet of magic regeneration
 r - a +4 ring of protection (left branch)
Wands
 b - a wand of quicksilver (5)
 t - a wand of charming (5)
 u - a wand of mindburst (16)
 x - a wand of flame (6)
Scrolls
 f - 2 scrolls of identify
 l - 2 scrolls of noise
 m - 5 scrolls of magic mapping
 o - 6 scrolls of teleportation
 w - a scroll of amnesia {unknown}
Potions
 g - 3 potions of curing
 h - a potion of lignification
 v - a potion of mutation


   Skills:
 + Level 5.8 Fighting
 + Level 9.2 Axes
 + Level 7.4 Armour
 + Level 3.1 Dodging
 + Level 1.5 Stealth
 + Level 5.0 Shields


You had 8 spell levels left.
You didn't know any spells.
Your spell library contained the following spells:

 Spells                   Type           Power      Damage    Failure   Level
 Sandblast                Erth           0%         2d4       45%         1
 Passwall                 Tmut/Erth      0%         N/A       61%         2
 Ignite Poison            Fire/Tmut/Pois 0%         N/A       83%         3
 Mephitic Cloud           Conj/Pois/Air  0%         N/A       83%         3
 Stone Arrow              Conj/Erth      0%         3d7       83%         3
 Freezing Cloud           Conj/Ice/Air   0%         6-21      100%        5


Dungeon Overview and Level Annotations

Branches:
Dungeon (7/15)             Temple (1/1) D:5

Altars:
Ashenzari
Cheibriados
Dithmenos
Gozag
Hepliaklqana
Kikubaaqudgha
Makhleb
Nemelex Xobeh
Okawaru
Ru
Sif Muna
Trog
Uskayaw
Vehumet
Wu Jian
Xom
Yredelemnul
Zin
The Shining One

Shops:
D:5 (


Innate Abilities, Weirdness & Mutations

You are a tree.
Your roots penetrate the ground, keeping you stationary.
You cannot be teleported.
You are immune to unholy pain and torment.
Your maximum health is greatly increased.
Your equipment is partially melded.
((You have a beak for a mouth.))
((You have claws for feet.))
Your magical nature lets you fly swiftly and evasively.
You have a somewhat thin skeletal structure. (Dex +2, Stealth+)


Message History

Really read the scroll of immolation? [Y]es or [N]o only, please.
Really read the scroll of immolation?
As you read the scroll of immolation, it crumbles to dust.
The creatures around you are filled with an inner flame!
You block the nine-headed hydra's attack.
The nine-headed hydra barely misses you.
The nine-headed hydra bites you!
* * * LOW HITPOINT WARNING * * *
The nine-headed hydra bites you.
* * * LOW HITPOINT WARNING * * *
The nine-headed hydra bites you.
* * * LOW HITPOINT WARNING * * *
You block the nine-headed hydra's attack.
The nine-headed hydra bites you.
* * * LOW HITPOINT WARNING * * *
The nine-headed hydra bites you but does no damage. x2
You cannot teleport because you are held in place by your roots.
Unknown command.
You hit the nine-headed hydra.
Flame seeps out of the nine-headed hydra.
The nine-headed hydra is lightly wounded.
The nine-headed hydra is engulfed in blazing flames.
Flame seeps out of the nine-headed hydra.
The nine-headed hydra bites you but does no damage. x4
You block the nine-headed hydra's attack.
The nine-headed hydra bites you but does no damage. x4
You hack one of the nine-headed hydra's heads off!
The eight-headed hydra grows two more!
You slash the ten-headed hydra!
Flame seeps out of the ten-headed hydra.
The ten-headed hydra is moderately wounded.
The ten-headed hydra is engulfed in blazing flames.
Flame seeps out of the ten-headed hydra.
The ten-headed hydra bites you but does no damage.
The ten-headed hydra bites you!
* * * LOW HITPOINT WARNING * * *
You block the ten-headed hydra's attack.
The ten-headed hydra bites you.
You die...
Your body crumbles into a pile of gold.

###
#..#####...####...........?.
#.## #..# #...#
#.#######$#.## .#.###..#
#..$# #.#P... #g.##
###.##..### #...#
#.#.###.#$#.# # ##.#....#
#...# #.# +)#.'g### ##..##.#
#...####.#.###.#g# #
##...##.###........#P...P#$.
###..[.........#D##..#####
#.#. .#.#........####♣# ..
.?#.# #.##..#..............#
##. # #.##......#.####.###.#
# #.##..#.###... ...
..##..#.###.# #..
#...........#####.#
####....>......# .# #
##.##.##.##.# .# # #.##.# ..


You could see a ten-headed hydra (inner flame).

Vanquished Creatures
  Grinder (D:5)
  A water moccasin (D:7)
  An orc warrior (D:5)
  A black bear (D:4)
  2 sky beasts (D:7)
  2 ice beasts (D:7)
  An ogre (D:5)
  A centaur (D:6)
  A kobold brigand (D:7)
  A phantom (D:5)
  3 necrophages
  2 bullfrogs
  A scorpion (D:7)
  3 wights (D:6)
  A howler monkey (D:7)
  2 jellies
  An orc priest (D:6)
  A gnoll bouda (D:7)
  A hound (D:4)
  An iguana (D:7)
  2 orc wizards
  8 adders
  9 gnolls (D:7)
  3 shadow imps
  3 white imps
  2 worms
  A dart slug (D:5)
  23 orcs
  6 ball pythons
  8 endoplasms
  A giant cockroach (D:2)
  8 goblins
  5 hobgoblins
  4 jackals (D:1)
  6 quokkas
  3 bats (D:3)
  5 frilled lizards
  11 kobolds
  7 rats
143 creatures vanquished.

Vanquished Creatures (collateral kills)
  A troll (D:5)
  An ufetubus (D:5)
  The ghost of gdog the Covert, a weakling GnDe (D:5)
3 creatures vanquished.

Vanquished Creatures (others)
  21 plants
21 creatures vanquished.

Grand Total: 167 creatures vanquished

Notes
Turn   | Place    | Note
-------+----------+-------------------------------------------
     0 | D:1      | SensoryNuts the Tengu Fighter began the quest for the Orb.
     0 | D:1      | Reached XP level 1. HP: 14/14 MP: 2/2
   258 | D:1      | Reached XP level 2. HP: 19/19 MP: 3/3
   483 | D:1      | Found a faded altar of an unknown god.
   674 | D:1      | Reached XP level 3. HP: 19/23 MP: 4/4
  1243 | D:2      | Reached skill level 1 in Dodging
  1243 | D:2      | Reached XP level 4. HP: 27/28 MP: 5/5
  1404 | D:2      | Reached skill level 3 in Axes
  2504 | D:3      | Gained mutation: Your magical nature lets you fly swiftly
                  | and evasively. [Tengu growth]
  2504 | D:3      | Reached XP level 5. HP: 32/32 MP: 6/6
  2769 | D:3      | Found a broken altar of Ashenzari.
  2769 | D:3      | Found a snail-covered altar of Cheibriados.
  3033 | D:4      | Noticed a black bear
  3038 | D:4      | Killed a black bear
  3039 | D:4      | Reached skill level 4 in Axes
  3039 | D:4      | Reached XP level 6. HP: 31/38 MP: 7/7
  3496 | D:4      | Found an iron altar of Okawaru.
  3623 | D:5      | Entered Level 5 of the Dungeon
  3658 | D:5      | Noticed a troll
  3658 | D:5      | Noticed gdog's ghost (weakling GnDe)
  3675 | D:5      | Found a runed translucent gate.
  3675 | D:5      | Found a runed translucent gate.
  3687 | D:5      | Reached skill level 5 in Axes
  3834 | D:5      | Found a staircase to the Ecumenical Temple.
  3849 | D:5      | Found a runed translucent gate.
  3882 | Temple   | Entered the Ecumenical Temple
  4037 | Temple   | Became a worshipper of Gozag Ym Sagoz the Greedy
  4162 | D:5      | Found Ciutua's Antique Weapon Shop.
  4770 | D:5      | Gained mutation: You have a somewhat thin skeletal
                  | structure. (Dex +2, Stealth+) [potion of mutation]
  4775 | D:5      | Killed gdog's ghost
  4778 | D:5      | Killed a troll
  4779 | D:5      | Reached skill level 5 in Armour
  4779 | D:5      | Reached XP level 7. HP: 26/43 MP: 8/8
  5194 | D:5      | Reached skill level 6 in Axes
  5361 | D:6      | Noticed Grinder
  5459 | D:6      | Paralysed by Grinder for 4 turns
  5467 | D:5      | Killed Grinder
  5468 | D:5      | Reached skill level 1 in Stealth
  5468 | D:5      | Reached XP level 8. HP: 43/48 MP: 9/9
  5856 | D:6      | Reached skill level 7 in Axes
  6357 | D:6      | Reached skill level 5 in Fighting
  6789 | D:7      | Reached XP level 9. HP: 49/54 MP: 10/10
  6800 | D:7      | Reached skill level 8 in Axes
  7505 | D:7      | Reached skill level 9 in Axes
  7508 | D:7      | Noticed a troll
  7782 | D:7      | Identified the +6 sling "Qoaxemoi" {flame, Str+7 Dex+2}
  7800 | D:7      | Reached skill level 5 in Shields
  7836 | D:7      | Noticed an eight-headed hydra
  7847 | D:7      | HP: 3/82 [ten-headed hydra (7)]
  7847 | D:7      | Slain by a ten-headed hydra

Illustrated notes

Levels and vault maps discovered:
D:1:      spicycebolla_arrival_xxxplode, layout_loops_ring,
          nicolae_ecumenical_snake_handling
D:2:      layout_loops_corners, nrook_mini_backslash, hangedman_feature_mirror,
          minmay_crystal_room, minmay_crystal_water
D:3:      layout_loops_cross, gammafunk_temple_overflow_wave
D:4:      layout_gridville, mainiacjoe_overflow_surrounded_room
D:5:      layout_loops_ring, temple_statues, serial_shops,
          nicolae_shop_hallway_stairs, portal_sewer_entry_e,
          gammafunk_ghost_split, minmay_misc_feat_columns, serial_bayou_lagoon_a
D:6:      layout_cave_pools, uniq_grinder
D:7:      layout_loops_cross, serial_shops, nicolae_shop_statue_plus,
          serial_bayou_pond_b, minmay_shattered_shrine
Temple:   minmay_temple_bridge_d

Skill      XL: |  1  2  3  4  5  6  7  8  9 |
---------------+----------------------------+-----
Dodging        | 1 2 3 |  3.1
Axes           | 3 4 5 6 7 9 |  9.2
Armour         | 4 5 6 7 |  7.4
Fighting       | 4 5 |  5.8
Shields        | 4 5 |  5.0
Stealth        | 1 |  1.5

Action                   |  1- 3 |  4- 6 |  7- 9 || total
-------------------------+-------+-------+-------++-------
Melee: War axe           |    59 |   106 |   180 ||   345
       Kick              |    12 |    34 |    52 ||    98
       Peck              |     5 |    12 |    27 ||    44
       Hand axe          |       |       |     8 ||     8
  Use: Scroll            |       |    10 |     4 ||    14
       Potion            |       |    10 |     4 ||    14
 Stab: Distracted        |       |       |     3 ||     3
Armor: Scale mail        |    31 |    34 |    10 ||    75
       Plate armour      |       |       |    95 ||    95
       Skin              |       |       |    34 ||    34
Dodge: Dodged            |    26 |    40 |    72 ||   138
Block: Buckler           |    11 |    22 |    80 ||   113

Table legend: (Time is in decaauts)
 A = Elapsed time spent in this place.
 B = Non-inter-level travel time spent in this place.
 C = Inter-level travel time spent in this place.
 D = Time resting spent in this place.
 E = Time spent auto-exploring this place.
 F = Levels seen in this place.
 G = Mean time per level.
                   A        B        C        D        E       F      G
               +--------+--------+--------+--------+--------+-----+--------+
         Total |   7671 |   7466 |    205 |     15 |   6223 |   8 |  958.9 |
       Dungeon |   7505 |   7339 |    166 |     15 |   6131 |   7 | 1072.1 |
        Temple |    165 |    127 |     38 |      0 |     91 |   1 |  165.0 |
               +--------+--------+--------+--------+--------+-----+--------+

Top non-repeatable levels by time:
     D:5: 1839 daAuts
     D:7: 1135 daAuts
     D:2: 1027 daAuts
     D:1: 964 daAuts
     D:6: 941 daAuts
     D:3: 898 daAuts
     D:4: 699 daAuts
  Temple: 165 daAuts
